 Dungeon Crawl Stone Soup version 0.32-a0-22-g6ae6769602 (webtiles) character file.

Game seed: 9779926693749226192

324 IdlyInterested the Cutter (level 6, -2/47 HPs)
             Began as a Demonspawn Gladiator on Jan 18, 2024.
             Killed by nerve-wracking pain
             ... invoked by a shadow imp
              (13 damage)
             ... on level 4 of the Dungeon.
             The game lasted 00:09:45 (3333 turns).

IdlyInterested the Cutter (Demonspawn Gladiator)    Turns: 3333, Time: 00:09:45

Health: -2/47      AC: 18    Str: 15    XL:     6   Next: 23%
Magic:  6/6        EV:  6    Int:  8    God:
Gold:   171        SH:  7    Dex: 14    Spells: 5/5 levels left

rFire   . . .        m - +0 rapier (vamp)
rCold   . . .        q - +0 kite shield
rNeg    . . .        t - +0 chain mail
rPois   .            c - +0 helmet
rElec   .            o - +0 cloak
rCorr   .            (no gloves)
SInv    .            b - +0 pair of boots
Will    .....        (no amulet) Stlth
                     (no ring)
HPRegen 0.27/turn    (no ring)
MPRegen 0.10/turn

%: no passive effects
@: sanguine armoured
A: demonic guardian 1, foul stench 1, sanguine armour 1, clumsy 1, deterioration
1, wild magic 1, MP-powered wands
a: no special abilities


You were on level 4 of the Dungeon.
You visited 2 branches of the dungeon, and saw 5 of its levels.

You collected 171 gold pieces.

Inventory:

Hand Weapons
 a - a +0 rapier
 m - a +0 vampiric rapier (weapon)
Missiles
 d - 5 throwing nets
 e - a javelin
 f - 30 stones (quivered)
Armour
 b - a +0 pair of boots (worn)
 c - a +0 helmet (worn)
 h - a +0 helmet
 o - a +0 cloak (worn)
 p - a +0 pair of gloves
 q - a +0 kite shield (worn)
 t - a +0 chain mail (worn)
Magical Staves
 i - a staff of fire
Talismans
 g - a serpent talisman
Scrolls
 j - a scroll of fear {unknown}
 k - a scroll of brand weapon {unknown}
 l - a scroll of fog {unknown}
 n - a scroll of silence {unknown}
 s - a scroll of enchant armour {unknown}
 u - a scroll of amnesia
 v - a scroll of blinking
 w - a scroll of teleportation


   Skills:
 * Level 3.1 Fighting
 - Level 5.0 Short Blades
 - Level 1.7 Throwing
 + Level 2.2 Armour
 - Level 3.0 Dodging
 - Level 1.0 Stealth
 - Level 1.0 Evocations


You had 5 spell levels left.
You didn't know any spells.
Your spell library contained the following spells:

 Spells                   Type           Power      Damage    Failure   Level
 Apportation              Tloc           0%         N/A       100%        1
 Shock                    Conj/Air       0%         1d3       100%        1
 Jinxbite                 Hex            0%         N/A       100%        2
 Dazzling Flash           Conj/Hex       0%         N/A       100%        3
 Swiftness                Air            0%         N/A       100%        3
 Volatile Blastmotes      Fire/Tloc      0%         2d10      100%        3
 Airstrike                Air            0%         2d(0-16)  100%        4
 Alistair's Intoxication  Alch           0%         N/A       100%        5
 Starburst                Conj/Fire      0%         6d3       100%        6
 Maxwell's Capacitive Co  Air            0%         ∞         100%        8


Dungeon Overview and Level Annotations

Branches:
Dungeon (4/15)             Temple (1/1) D:4

Altars:
Dithmenos
Fedhas
Gozag
Kikubaaqudgha
Okawaru
Qazlal
Ru
Trog
Uskayaw
Vehumet
Wu Jian
Yredelemnul


Innate Abilities, Weirdness & Mutations

A weak demonic guardian rushes to your aid.
You may rarely emit foul miasma when damaged in melee.
When seriously injured, your blood forms armour. (AC +6)
You are clumsy. (Dex -2)
Your body sometimes deteriorates upon taking damage.
Your spells are a little harder to cast, but a little more powerful.
You expend magic power (3 MP) to strengthen your wands.


Message History

Pain shoots through your body!
Your blood congeals into armour.
You hit the ufetubus.
The ufetubus is severely wounded.
The ufetubus hits you but does no damage.
You block the ufetubus's attack. You block the shadow imp's attack.
Unknown command.
You barely miss the ufetubus.
The ufetubus is severely wounded.
The ufetubus hits you but does no damage.
You block the ufetubus's attack. x2; The ufetubus hits you.
The shadow imp hits you but does no damage.
You puncture the ufetubus!
You kill the ufetubus!
You block the shadow imp's attack.
You hit the shadow imp but do no damage.
The shadow imp hits you but does no damage.
You hit the shadow imp.
The shadow imp is heavily wounded.
The shadow imp hits you.
You closely miss the shadow imp.
The shadow imp is heavily wounded.
You block the shadow imp's attack.
You hit the shadow imp but do no damage.
The shadow imp is heavily wounded.
The shadow imp hits you but does no damage.
You hit the shadow imp but do no damage.
The shadow imp is heavily wounded.
The shadow imp gestures at you. Pain shoots through your body!
The shadow imp gestures at you. Pain shoots through your body!
* * * LOW HITPOINT WARNING * * *
You closely miss the shadow imp.
The shadow imp is heavily wounded.
You block the shadow imp's attack.
You completely miss the shadow imp.
The shadow imp is heavily wounded.
The shadow imp gestures at you. Pain shoots through your body!
You die...

#.#####....∩..#..#.#
#.........<#..
########.......#..##.
....<......#####..##)
.########............
## #.#######.##) ...
#.# #.##. ....
########.# #.#..
..5.. #.5@.....#
#....
......#.########
###.. #....# ##.
#........# ##.
#.######.# ### ###..
.# #.......#. .#
#.#..##.#. .#
##.##.##.## .#
###.........#


You could see a shadow imp.

Vanquished Creatures
  A scorpion (D:4)
  A bombardier beetle (D:4)
  A hound (D:4)
  Jessica (D:3)
  An orc wizard (D:4)
  5 adders
  A shadow imp (D:4)
  A white imp (D:4)
  5 ufetubi (D:4)
  2 dart slugs (D:1)
  A ribbon worm (D:2)
  5 orcs
  3 ball pythons
  3 bats
  6 endoplasms
  2 giant cockroaches
  5 goblins
  3 hobgoblins
  5 quokkas
  2 frilled lizards
  5 kobolds
  2 rats (D:2)
61 creatures vanquished.

Notes
Turn   | Place    | Note
-------+----------+-------------------------------------------
     0 | D:1      | IdlyInterested the Demonspawn Gladiator began the quest for
                  | the Orb.
     0 | D:1      | Reached XP level 1. HP: 16/16 MP: 1/1
   151 | D:1      | Reached skill level 3 in Short Blades
   167 | D:1      | Gained mutation: When seriously injured, your blood forms
                  | armour. (AC +6) [demonic ancestry]
   167 | D:1      | Reached XP level 2. HP: 12/22 MP: 2/2
   408 | D:1      | Reached skill level 1 in Armour
   894 | D:2      | Reached XP level 3. HP: 28/28 MP: 3/3
  1667 | D:3      | Noticed Jessica
  1677 | D:3      | Killed Jessica
  1678 | D:3      | Reached skill level 1 in Stealth
  1874 | D:3      | Reached skill level 1 in Evocations
  1874 | D:3      | Gained mutation: You may rarely emit foul miasma when
                  | damaged in melee. [demonic ancestry]
  1874 | D:3      | Reached XP level 4. HP: 34/35 MP: 4/4
  2248 | D:3      | Gained mutation: Armour fits poorly on your strangely
                  | shaped body. [potion of mutation]
  2249 | D:3      | Lost mutation: Armour fits poorly on your strangely shaped
                  | body. [potion of mutation]
  2249 | D:3      | Gained mutation: Your spells are a little harder to cast,
                  | but a little more powerful. [potion of mutation]
  2249 | D:3      | Gained mutation: You are clumsy. (Dex -2) [potion of
                  | mutation]
  2249 | D:3      | Gained mutation: Your body sometimes deteriorates upon
                  | taking damage. [potion of mutation]
  2249 | D:3      | Gained mutation: You expend magic power (3 MP) to
                  | strengthen your wands. [potion of mutation]
  2329 | D:4      | Reached skill level 4 in Short Blades
  2429 | D:4      | Reached XP level 5. HP: 16/41 MP: 5/5
  2593 | D:4      | Found a staircase to the Ecumenical Temple.
  2602 | Temple   | Entered the Ecumenical Temple
  2915 | D:4      | Gained mutation: A weak demonic guardian rushes to your
                  | aid. [demonic ancestry]
  2915 | D:4      | Reached XP level 6. HP: 9/47 MP: 6/6
  3190 | D:4      | Reached skill level 5 in Short Blades
  3333 | D:4      | Killed from afar by a shadow imp

Illustrated notes

Levels and vault maps discovered:
D:1:      zaba_arrival_water, layout_basic
D:2:      layout_basic, solitary_fountain
D:3:      layout_loops_ring, minmay_checkerbox, uniq_jessica
D:4:      layout_loops_ring, minmay_temple_entry_large_hall, serial_demonic,
          serial_demonic_a, serial_demonic_d, serial_demonic_b,
          serial_demonic_d, minmay_manual_monstrance
Temple:   compressed_dpeg_triangle_lava_temple

Skill      XL: |  1  2  3  4  5  6 |
---------------+-------------------+-----
Short Blades   | 3 4 5 |  5.0
Armour         | 1 2 |  2.2
Fighting       | 3 |  3.1
Stealth        | 1 |  1.0
Evocations     | 1 |  1.0
Dodging        | 3 |  3.0
Throwing       | |  1.7

Action                     |  1- 3 |  4- 6 || total
---------------------------+-------+-------++-------
  Melee: Rapier            |   120 |   205 ||   325
  Throw: Stone             |       |     9 ||     9
    Use: Scroll            |     3 |     1 ||     4
         Potion            |       |     6 ||     6
 Armour: Leather armour    |    23 |       ||    23
         Chain mail        |    27 |   271 ||   298
         Ring mail         |     9 |       ||     9
  Dodge: Dodged            |    42 |    81 ||   123
  Block: Kite shield       |    14 |   164 ||   178

Table legend: (Time is in decaauts)
 A = Elapsed time spent in this place.
 B = Non-inter-level travel time spent in this place.
 C = Inter-level travel time spent in this place.
 D = Time resting spent in this place.
 E = Time spent auto-exploring this place.
 F = Levels seen in this place.
 G = Mean time per level.
                   A        B        C        D        E       F      G
               +--------+--------+--------+--------+--------+-----+--------+
         Total |   3392 |   3251 |    141 |    797 |   1557 |   5 |  678.4 |
       Dungeon |   3391 |   3250 |    141 |    797 |   1557 |   4 |  847.8 |
        Temple |      1 |      1 |      0 |      0 |      0 |   1 |    1.0 |
               +--------+--------+--------+--------+--------+-----+--------+

Top non-repeatable levels by time:
     D:4: 1067 daAuts
     D:2: 831 daAuts
     D:3: 789 daAuts
     D:1: 701 daAuts
  Temple: 1 daAuts
